 Dungeon Crawl Stone Soup version 0.22-a0-533-g4d20840e7c (webtiles) character file.

198 JackS81 the Chopper (level 6, -2/44 HPs)
             Began as a Human Skald on June 22, 2018.
             Was an Initiate of Okawaru.
             Slain by a sky beast (5 damage)
             ... on level 3 of the Dungeon.
             The game lasted 00:13:35 (3101 turns).

JackS81 the Chopper (Human Skald)                   Turns: 3101, Time: 00:13:36

Health: -2/44      AC:  3    Str: 13    XL:     6   Next: 6%
Magic:  2/9        EV: 12    Int: 13    God:    Okawaru [......]
Gold:   105        SH:  0    Dex: 13    Spells: 0/9 levels left

rFire    . . .     SeeInvis .   a - +0 hand axe
rCold    . . .     Gourm    .   (no shield)
rNeg     . . .     Faith    .   b - +0 leather armour
rPois    .         Spirit   .   (no helmet)
rElec    .         Reflect  .   (no cloak)
rCorr    .         Harm     .   (no gloves)
MR       .....                  (no boots)
Stlth    +.........             (no amulet)
HPRegen  0.14/turn              (no ring)
MPRegen  0.11/turn              (no ring)

@: no status effects
A: no striking features
a: Renounce Religion


You were on level 3 of the Dungeon.
You worshipped Okawaru.
Okawaru was noncommittal.
You were hungry.

You visited 1 branch of the dungeon, and saw 3 of its levels.

You collected 105 gold pieces.

Inventory:

Hand Weapons
 a - a +0 hand axe (weapon)
 f - a +0 hunting sling
 p - a cursed -3 dagger
Missiles
 c - 59 arrows
 i - 89 stones (quivered)
 r - 27 bolts
 v - 19 sling bullets
Armour
 b - a +0 leather armour (worn)
Jewellery
 j - an uncursed amulet of guardian spirit {unknown}
Scrolls
 g - 2 scrolls of remove curse {unknown}
 h - a scroll of blinking {unknown}
 k - a scroll of teleportation {unknown}
 l - a scroll of magic mapping {unknown}
 n - 2 scrolls of enchant armour {unknown}
 t - a scroll of identify {unknown}
Potions
 e - a potion of mutation {unknown}
 m - 2 potions of haste {unknown}
 o - a potion of degeneration {unknown}
 q - a potion of cancellation
 s - a potion of magic {unknown}
Comestibles
 d - 6 rations
 u - 4 chunks of flesh


   Skills:
 + Level 2.0 Fighting
 * Level 5.1 Axes
 - Level 1.0 Slings
 - Level 1.0 Armour
 + Level 2.0 Dodging
 - Level 2.0 Spellcasting
 * Level 0.4 Hexes
 + Level 3.5 Charms
 + Level 0.4 Translocations


You couldn't memorise any spells.
You knew the following spells:

 Your Spells              Type           Power        Failure   Level  Hunger
a - Infusion              Chrm           ##..         8%          1    ##.....
b - Shroud of Golubria    Chrm/Tloc      #.........   22%         2    ###....
c - Spectral Weapon       Hex/Chrm       #.......     38%         3    ####...
d - Regeneration          Chrm/Necr      #.........   43%         3    ####...

Your spell library contained the following spells:

 Spells                   Type           Power        Failure   Level  Hunger
 Song of Slaying          Chrm           ##......     12%         2    ###....


Dungeon Overview and Level Annotations

Branches:
Dungeon (3/15)

Altars:
Elyvilon
Okawaru


Message History

You hit something.
Your magical infusion is running out.
Your shroud bends something's attack away.
You miss something. Something hits you. Something shocks you.
Your shroud falls apart!
You miss something. Something barely misses you.
You hit something. Something hits you but does no damage.
You barely miss something. Something hits you. Something shocks you.
You closely miss something. Something hits you but does no damage.
You miss something.
You are no longer magically infusing your attacks.
Something hits you but does no damage.
You miss something. Something hits you. Something shocks you.
* * * LOW HITPOINT WARNING * * *
You closely miss something. Something hits you.
* * * LOW HITPOINT WARNING * * *
Something shocks you.
* * * LOW HITPOINT WARNING * * *
It was a potion of cancellation.
You feel magically purged. Something hits you.
You die...

#...# #+ #.# ##..#
####.##### #.# ##.#
.........# #.# #.#
......#.# #.# #.#
##....#.# #.#
#.######.#.....#.# #.#
#...<..........#.#####.#
########.###..(........#
#$....{@#.#######
#.###.###.# .. ..# ##
####


You could see a friendly spectral hand axe.

Vanquished Creatures
  A crimson imp (D:2)
  Jessica (D:2)
  Robin (D:2)
  3 adders (D:2)
  2 gnolls (D:2)
  An ooze (D:1)
  4 leopard geckos
  A ball python (D:1)
  4 bats
  7 giant cockroaches (D:1)
  10 goblins
  11 hobgoblins (D:2)
  6 jackals (D:1)
  7 kobolds
  A quokka (D:3)
  5 frilled lizards
  6 rats
71 creatures vanquished.

Notes
Turn   | Place    | Note
-------+----------+-------------------------------------------
     0 | D:1      | JackS81 the Human Skald began the quest for the Orb.
     0 | D:1      | Reached XP level 1. HP: 16/16 MP: 3/3
   192 | D:1      | Reached XP level 2. HP: 22/22 MP: 5/5
   283 | D:1      | Reached skill level 3 in Axes
   324 | D:1      | Reached XP level 3. HP: 15/27 MP: 0/6
   676 | D:1      | Learned a level 2 spell: Shroud of Golubria
  1277 | D:2      | Reached XP level 4. HP: 20/33 MP: 7/7
  1285 | D:2      | Noticed Robin
  1475 | D:2      | Killed Robin
  1475 | D:2      | Reached skill level 4 in Axes
  1843 | D:2      | Reached XP level 5. HP: 13/38 MP: 0/8
  2039 | D:2      | Noticed Jessica
  2058 | D:2      | Killed Jessica
  2058 | D:2      | Reached skill level 1 in Slings
  2142 | D:2      | Learned a level 3 spell: Spectral Weapon
  2551 | D:2      | Reached skill level 5 in Axes
  2551 | D:2      | Reached XP level 6. HP: 39/44 MP: 5/9
  2716 | D:2      | Found an iron altar of Okawaru.
  2724 | D:2      | Became a worshipper of Warmaster Okawaru
  2955 | D:2      | Found a white marble altar of Elyvilon.
  2987 | D:3      | Learned a level 3 spell: Regeneration
  3083 | D:3      | Noticed a sky beast
  3101 | D:3      | Slain by a sky beast

Vault maps used:
D:1:      onia_arrival_mini_maze, minmay_split_cup_large
D:2:      lemuel_round_altar, first_ration, okawaru_altar_gauntlet_db,
          uniq_jessica, uniq_robin
D:3:      grunt_gozag_breadcrumbs, dancing_weapons_uskayaw,
          gammafunk_ghost_grave, grunt_qazlal_clouds

Skill      XL: |  1  2  3  4  5 |
---------------+----------------+-----
Axes           | 3 4 5 |  5.1
Slings         | 1 |  1.0
Fighting       | |  2.0
Armour         | |  1.0
Dodging        | |  2.0
Spellcasting   | |  2.0
Hexes          | |  0.4
Charms         | |  3.5
Translocations | |  0.4

Action                   |  1- 3 |  4- 6 || total
-------------------------+-------+-------++-------
Melee: Hand axe          |    80 |   153 ||   233
 Fire: Hunting sling     |     7 |    17 ||    24
 Cast: Infusion          |    10 |    18 ||    28
       Shroud of Golubri |       |     7 ||     7
       Spectral Weapon   |       |     1 ||     1
  Use: Potion            |       |     3 ||     3
  Eat: Chunk             |     1 |     7 ||     8
Armor: Leather armour    |    31 |    30 ||    61
Dodge: Dodged            |    70 |    90 ||   160

Table legend:
 A = Spawn XP
 B = Non-spawn XP
 C = Spawn XP percentage of total XP
 D = Spawn monster count
 E = Non-spawn monster count
 F = Spawn count percentage of total count
 G = Total turns spent on level
                    A         B        C        D         E        F      G
               +---------+---------+-------+---------+---------+-------+---------
         Total |       0 |     284 |   0.0 |       0 |      71 |   0.0 |  3101
               +---------+---------+-------+---------+---------+-------+---------
           D:1 |       0 |      64 |   0.0 |       0 |      33 |   0.0 |  1445
           D:2 |       0 |     218 |   0.0 |       0 |      37 |   0.0 |  1537
           D:3 |       0 |       2 |   0.0 |       0 |       1 |   0.0 |   119
               +---------+---------+-------+---------+---------+-------+---------
